 Dungeon Crawl Stone Soup version 0.31-a0-232-gb1c03b2570 (webtiles) character file.

Game seed: 11256702490791536846

130 qw the Shooter (level 4, -3/37 HPs)
             Began as a Minotaur Hexslinger on July 6, 2023.
             Slain by an orc
             ... wielding a +0 hand axe
              (5 damage)
             ... on level 3 of the Dungeon.
             The game lasted 00:00:43 (1677 turns).

qw the Shooter (Minotaur Hexslinger)                Turns: 1677, Time: 00:00:44

Health: -3/37      AC:  5    Str: 13    XL:     4   Next: 89%
Magic:  4/4        EV: 11    Int: 10    God:
Gold:   106        SH:  0    Dex: 14    Spells: 4/5 levels left

rFire   . . .        Y - +2 sling
rCold   . . .        (no shield)
rNeg    . . .        i - +0 ring mail
rPois   .            (helmet restricted)
rElec   .            (no cloak)
rCorr   .            (no gloves)
SInv    .            (no boots)
Will    .....        (no amulet)
Stlth   +            (no ring)
HPRegen 0.26/turn    (no ring)
MPRegen 0.09/turn

%: no passive effects
@: no status effects
A: horns 2, retaliatory headbutt
a: no special abilities


You were on level 3 of the Dungeon.
You visited 1 branch of the dungeon, and saw 3 of its levels.

You collected 106 gold pieces.


Innate Abilities, Weirdness & Mutations

You have a pair of horns on your head.
You reflexively headbutt those who attack you in melee.


   Skills:
 + Level 2.6 Fighting
 - Level 5.0 Ranged Weapons
 - Level 1.2 Armour
 - Level 2.1 Dodging
 - Level 1.0 Spellcasting
 - Level 2.0 Hexes


You had 4 spell levels left.
You knew the following spells:

 Your Spells              Type           Power      Damage    Failure   Level
a - Slow                  Hex            16%        N/A       32%         1

Your spell library contained the following spells:

 Spells                   Type           Power      Damage    Failure   Level
 Inner Flame              Hex/Fire       2%         N/A       82%         3
 Portal Projectile        Hex/Tloc       4%         N/A       82%         3
 Cause Fear               Hex            2%         N/A       97%         4

Inventory:

Hand Weapons
 Y - a +2 sling (weapon)
Armour
 i - a +0 ring mail (worn)
Scrolls
 a - a scroll of fog {unknown}
Potions
 e - a potion of cancellation
 f - a potion of haste {unknown}
 k - a potion of curing {unknown}
 l - a potion of brilliance {unknown}
 m - a potion of might {unknown}

Dungeon Overview and Level Annotations

Branches:
Dungeon (3/15)

Altars:

Shops:
D:1 :

Annotations:
D:2 1 runed translucent door, Crazy Yiuf


Message History

You shoot a sling bullet. The sling bullet hits the orc.
The orc is moderately wounded.
You shoot a sling bullet. The sling bullet barely misses the orc.
An orc comes into view. It is wielding a +0 hand axe.
You shoot a sling bullet. The orc shouts!
The sling bullet hits the orc.
You kill the orc!
An orc comes into view. It is wielding a +0 hand axe.
You shoot a sling bullet. The sling bullet hits the orc.
The orc is moderately wounded.
You shoot a sling bullet. The sling bullet barely misses the orc.
The orc hits you with a +0 club. The orc misses you.
The orc hits you with a +0 club. The orc hits you with a +0 hand axe.
You shoot a sling bullet. The sling bullet hits the orc.
The orc is severely wounded.
The orc hits you but does no damage. The orc closely misses you.
You shoot a sling bullet. The sling bullet hits the orc.
You kill the orc!
The orc hits you with a +0 club. The orc hits you with a +0 hand axe.
You shoot a sling bullet. The sling bullet barely misses the orc.
The orc hits you with a +0 club. The orc barely misses you.
You shoot a sling bullet.
The sling bullet hits the orc but does no damage.
The orc hits you but does no damage. The orc barely misses you.
The orc hits you but does no damage. The orc barely misses you.
You furiously retaliate!
You headbutt the orc, but do no damage. The orc hits you with a +0 hand axe.
The orc hits you but does no damage.
You shoot a sling bullet. The sling bullet barely misses the orc.
The orc barely misses you. The orc hits you but does no damage. x2
You shoot a sling bullet.
The sling bullet closely misses the orc.
The orc hits you with a +0 club. The orc hits you with a +0 hand axe.
The orc barely misses you.
You shoot a sling bullet.
The sling bullet hits the orc but does no damage.
The orc hits you with a +0 club. The orc closely misses you.
The orc hits you with a +0 hand axe. The orc misses you.
The orc hits you with a +0 hand axe. x2
You die...

......... .#%....#
......# #.....#
####..)..#
#........# #..ooo#
.. #...@.# ##...
###..## .....
#..###..# .....#
#......#
.......###.###.##
.........#.###.###
....#...#........
.........(.......
##..#..##.......


You could see 3 orcs.

Vanquished Creatures
  3 gnolls (D:2)
  4 adders
  A worm (D:1)
  2 dart slugs
  2 orcs (D:3)
  4 bats
  6 endoplasms
  3 giant cockroaches
  5 goblins
  7 hobgoblins
  4 jackals
  A quokka (D:1)
  3 ball pythons (D:2)
  A frilled lizard (D:2)
  2 kobolds
  5 rats
53 creatures vanquished.

Notes
Turn   | Place    | Note
-------+----------+-------------------------------------------
     0 | D:1      | qw the Minotaur Hexslinger began the quest for the Orb.
     0 | D:1      | Reached XP level 1. HP: 16/16 MP: 1/1
     0 | D:1      | 0 ||| qw: Version: 0.3-a-46-gb1f654a
     0 | D:1      | 0 ||| qw: Game counter: 1951
     0 | D:1      | 0 ||| qw: Melee chars always use a shield: true
     0 | D:1      | 0 ||| qw: God list: Okawaru
     0 | D:1      | 0 ||| qw: Allow faded altars: false
     0 | D:1      | 0 ||| qw: Do Orc after clearing Dungeon:15 true
     0 | D:1      | 0 ||| qw: Do second Lair branch before Depths: true
     0 | D:1      | 0 ||| qw: Lair rune preference: random
     0 | D:1      | 0 ||| qw: Goals: Normal
     0 | D:1      | 0 ||| PLANNING D:1-11
    10 | D:1      | 10 ||| FLEEEEING.
    84 | D:1      | Reached skill level 3 in Ranged Weapons
    91 | D:1      | Reached XP level 2. HP: 23/23 MP: 2/2
   155 | D:1      | Found Nibeivi's Book Boutique.
   576 | D:1      | Reached XP level 3. HP: 27/29 MP: 3/3
   630 | D:1      | 630 ||| UPGRADING to +0 ring mail.
   640 | D:1      | 640 ||| DROPPING +0 robe.
   641 | D:1      | 641 ||| READING scroll labelled XOBIDOYJIT.
   642 | D:1      | 642 ||| READING scroll labelled MIEFAG GIROTAE.
   643 | D:1      | 643 ||| READING 2 scrolls labelled NAGAP ISAAMI.
   644 | D:1      | 644 ||| READING scroll labelled SEAPONW VIKK.
   647 | D:1      | 647 ||| DRINKING 2 sedimented coppery potions.
   648 | D:1      | 648 ||| DROPPING scroll of poison.
   649 | D:1      | 649 ||| DROPPING scroll of fear.
   676 | D:2      | 676 ||| STAIRDANCE
   736 | D:2      | 736 ||| FLEEEEING.
   737 | D:2      | 737 ||| FLEEEEING.
   868 | D:2      | Reached skill level 4 in Ranged Weapons
  1096 | D:2      | Reached skill level 1 in Armour
  1152 | D:2      | Reached XP level 4. HP: 36/36 MP: 4/4
  1169 | D:2      | Found a runed translucent door.
  1170 | D:2      | Noticed Crazy Yiuf
  1247 | D:2      | 1247 ||| Stepping ~*~*~tactically~*~*~ (outnumbered).
  1251 | D:2      | 1251 ||| FLEEEEING.
  1252 | D:2      | 1252 ||| FLEEEEING.
  1473 | D:2      | 1473 ||| READING scroll labelled PACZUC MANUEXICS.
  1546 | D:3      | Reached skill level 5 in Ranged Weapons
  1677 | D:3      | HP: 8/37 [orc/+0 club (3)]
  1677 | D:3      | HP: 2/37 [orc/+0 hand axe (3)]
  1677 | D:3      | Slain by an orc

Levels and vault maps discovered:
D:1:      beargit_arrival_greenhouse, layout_loops_ring, serial_shops,
          nicolae_book_shop_shelving, nicolae_wormholes
D:2:      layout_loops_cross, uniq_crazy_yiuf_cottage
D:3:      layout_rooms

Skill      XL: |  1  2  3  4 |
---------------+-------------+-----
Ranged Weapons | 3 4 5 |  5.0
Fighting       | 2 |  2.6
Armour         | 1 |  1.2
Dodging        | |  2.1
Spellcasting   | |  1.0
Hexes          | |  2.0

Action                     |  1- 3 |  4- 6 || total
---------------------------+-------+-------++-------
   Fire: Sling             |   119 |    54 ||   173
    Use: Scroll            |     4 |     1 ||     5
         Potion            |     1 |       ||     1
 Armour: Ring mail         |     9 |     8 ||    17
  Dodge: Dodged            |    20 |    28 ||    48

Table legend:
 A = Non-vault XP
 B = Vault XP
 C = Vault XP percentage of total XP
 D = Non-vault monster count
 E = Vault monster count
 F = Vault count percentage of total count
                 A         B        C        D         E       F
            +---------+---------+-------+---------+---------+-------
      Total |     181 |       5 |   2.7 |      52 |       1 |   1.9
            +---------+---------+-------+---------+---------+-------
        D:1 |      40 |       5 |  11.1 |      21 |       1 |   4.5
        D:2 |     108 |       0 |   0.0 |      20 |       0 |   0.0
        D:3 |      33 |       0 |   0.0 |      11 |       0 |   0.0
            +---------+---------+-------+---------+---------+-------
